AoeStats
← mayazm3767

Arabia

508214874Analyzed
1v1 RM · 11d ago on Sep 21, 2026· 65m 47s· 2 players
Game mode
Random Map
Map size
Tiny (2 player)
Population
200
Speed
Normal
Resources
Standard
Victory
Conquest
Starting age
Dark Age
Ending age
Imperial Age
RankedLock teamsTeams togetherTeam positionsShared explorationLock speedFull tech treeHidden civsTurbo modeCheats
Victory
Defeat
🇹🇼 Romans · Taiwan
1204
+17
🇨🇦 Chinese · Canada
1233
-17
eric_liu
7:11 Loom
9:42 Feudal Age
9:45 Man-at-Arms
10:15 Double-Bit Axe
12:19 Horse Collar
16:03 Gold Mining
18:10 Gold Mining
22:30 Castle Age
22:06 Bloodlines
23:25 Stone Mining
23:38 Heavy Plow
23:51 Bow Saw
23:56 Scale Barding Armor
31:33 Town Watch
33:20 Light Cavalry
41:29 Imperial Age
39:34 Fletching
40:45 Forging
42:03 Chain Barding Armor
41:42 Cavalier
43:29 Plate Barding Armor
42:42 Onager
43:59 Onager
45:35 Iron Casting
45:47 Crop Rotation
46:46 Gold Shaft Mining
46:23 Husbandry
46:47 Siege Engineers
48:15 Wheelbarrow
47:45 Town Patrol
48:48 Chemistry
49:12 Blast Furnace
48:51 Heavy Scorpion
49:44 Ballistas
50:02 Conscription
51:27 Long Swordsman
52:08 Squires
52:12 Scale Mail Armor
52:09 Bodkin Arrow
53:31 Hand Cart
52:51 Legionary
54:01 Chain Mail Armor
55:42 Capped Ram
58:49 Siege Ram
59:58 Pikeman
60:41 Halberdier
mayazm3767
0:26 Loom
9:34 Feudal Age
14:32 Double-Bit Axe
15:40 Gold Mining
21:18 Castle Age
20:08 Horse Collar
21:40 Fletching
23:39 Stone Mining
24:39 Bodkin Arrow
28:13 Town Watch
31:21 Wheelbarrow
35:30 Imperial Age
34:32 Ballistics
35:21 Bow Saw
35:22 Scale Mail Armor
35:23 Padded Archer Armor
36:01 Squires
37:42 Bracer
38:19 Chain Mail Armor
42:52 Plate Mail Armor
43:24 Conscription
44:02 Elite Fire Lancer
47:20 Hand Cart
48:29 Two-Man Saw
48:39 Rocketry
48:39 Forging
56:26 Scale Barding Armor
56:37 Leather Archer Armor
56:57 Iron Casting
57:54 Chemistry
57:04 Masonry
56:50 Murder Holes
57:39 Bloodlines
57:29 Husbandry
56:51 Light Cavalry
60:48 Chain Barding Armor
60:58 Ring Archer Armor
61:29 Blast Furnace
60:24 Cavalier
63:17 Plate Barding Armor
63:10 Elite Skirmisher
Connection lost

Rejoining the realm…

Still unreachable

The connection could not be restored.

Session expired

The server has moved on; the page needs a fresh start.